 Dungeon Crawl Stone Soup version 0.32-a0-893-gf85d74f360 (webtiles) character file.

Game seed: 16252227441004150881

15527 Autsider the Fighter (level 12, -3/77 HPs)
             Began as a Gargoyle Earth Elementalist on Apr 3, 2024.
             Was an Initiate of Gozag.
             Slain by an elephant (5 damage)
             ... on level 2 of the Lair of Beasts.
             The game lasted 00:40:29 (15684 turns).

Autsider the Fighter (Gargoyle Earth Elementalist) Turns: 15684, Time: 00:40:30

Health: -3/77      AC: 15    Str: 14    XL:     12   Next: 27%
Magic:  0/24       EV: 12    Int: 25    God:    Gozag
Gold:   1542       SH:  5    Dex: 10    Spells: 9/27 levels left

rFire   . . .        E - +5 spear (freeze)
rCold   . . .        (no shield)
rNeg    + . .        A - +0 robe {Will+}
rPois   ∞            y - +0 hat
rElec   +            n - +0 cloak
rCorr   .            m - +2 pair of gloves
SInv    +            (no boots)
Will    +....        H - amulet of reflection
Stlth   ++           s - +6 ring of intelligence
HPRegen 0.32/turn    i - ring of see invisible
MPRegen 0.19/turn

%: reflection
@: no status effects
A: sickness immunity, AC +8, negative energy resistance 1, electricity
resistance, torment resistance 1, petrification resistance
a: Renounce Religion, Potion Petition, Call Merchant, Bribe Branch


You were on level 2 of the Lair of Beasts.
You worshipped Gozag.
Gozag was most pleased with you.
You visited 3 branches of the dungeon, and saw 14 of its levels.

You collected 2170 gold pieces.
You spent 516 gold pieces at shops.
You paid 112 gold pieces to Gozag.

Inventory:

Hand Weapons
 c - a +3 trident of protection
 B - the +1 spear "Nodouc" {vamp, ^Drain rElec rPois rN++}
   (You found it on level 7 of the Dungeon)

   rElec:     It insulates you from electricity.
   rPois:     It protects you from poison.
   rN++:      It greatly protects you from negative energy.
   ^Drain:    It drains your maximum health when unequipped.
 E - a +5 spear of freezing (weapon)
 F - a +6 spear
Missiles
 L - a throwing net
Armour
 m - a +2 pair of gloves (worn)
 n - a +0 cloak (worn)
 y - a +0 hat (worn)
 A - a +0 robe of willpower (worn)
Magical Staves
 h - a staff of death
 r - a staff of cold
 N - a staff of fire
Jewellery
 i - a ring of see invisible (right hand)
 l - an amulet of the acrobat
 s - a +6 ring of intelligence (left hand)
 t - a ring of fire
 H - an amulet of reflection (around neck)
 I - a ring of willpower
 K - a +5 ring of evasion
Wands
 x - a wand of mindburst (8)
 z - a wand of acid (7)
 J - a wand of polymorph (3)
Scrolls
 a - 5 scrolls of fear
 e - 2 scrolls of teleportation {@r2}
 f - 2 scrolls of enchant armour
 g - 2 scrolls of poison
 k - 2 scrolls of revelation
 p - 2 scrolls of brand weapon
 G - a scroll of identify {@r1}
 O - 2 scrolls of enchant weapon
 Q - a scroll of amnesia
Potions
 b - 2 potions of magic
 d - 5 potions of lignification
 j - a potion of mutation
 o - a potion of cancellation
 q - 11 potions of curing {@q1}
 u - 3 potions of haste
 v - 2 potions of invisibility
 w - 2 potions of brilliance
 C - a potion of degeneration
 D - a potion of might
 M - a potion of berserk rage {unknown}
 P - a potion of ambrosia {unknown}


   Skills:
 - Level 10.0 Fighting
 - Level 6.0 Armour
 - Level 6.0 Dodging
 - Level 4.0 Stealth
 - Level 8.0 Spellcasting
 + Level 4.3 Conjurations
 + Level 6.1 Summonings
 + Level 1.0 Necromancy
 + Level 8.2 Earth Magic
 + Level 4.2 Alchemy
 - Level 4.0 Evocations


You had 9 spell levels left.
You knew the following spells:

 Your Spells              Type           Power      Damage    Failure   Level
a - Sandblast             Erth           100%       2d20      1%          1
b - Stone Arrow           Conj/Erth      82%        3d12      1%          3
e - Petrify               Alch/Erth      41%        N/A       4%          4
w - Mephitic Cloud        Conj/Alch/Air  24%        N/A       5%          3
A - Call Canine Familiar  Summ           40%        N/A       1%          3
B - Animate Armour        Summ/Erth      92%        N/A       3%          4

Your spell library contained the following spells:

 Spells                   Type           Power      Damage    Failure   Level
 Summon Small Mammal      Summ           100%       N/A       1%          1
 Passwall                 Erth           50%        N/A       1%          3
 Brom's Barrelling Bould  Conj/Erth      41%        2d6       4%          4
 Apportation              Tloc           20%        N/A       6%          1
 Dazzling Flash           Conj/Hex       40%        N/A       8%          3
 Jinxbite                 Hex            20%        N/A       9%          2
 Frozen Ramparts          Ice            20%        1d4       19%         3
 Inner Flame              Hex/Fire       10%        N/A       19%         3
 Ozocubu's Armour         Ice            10%        N/A       19%         3
 Sigil of Binding         Hex            10%        N/A       19%         3
 Volatile Blastmotes      Fire/Tloc      20%        2d11      19%         3
 Irradiate                Conj/Alch      15%        3d16      28%         5
 Alistair's Intoxication  Alch           20%        N/A       30%         5
 Cause Fear               Hex            5%         N/A       52%         4
 Dimensional Bullseye     Hex/Tloc       5%         N/A       52%         4
 Vhi's Electric Charge    Tloc/Air       20%        N/A       52%         4
 Fireball                 Conj/Fire      10%        3d6       56%         5
 Bombard                  Conj/Erth      20%        9d4       56%         6
 Curse of Agony           Necr           15%        N/A       73%         5
 Metabolic Englaciation   Hex/Ice        5%         N/A       86%         5
 Silence                  Hex/Air        5%         N/A       86%         5
 Spellforged Servitor     Conj/Summ      18%        N/A       99%         7
 Ignition                 Fire           5%         3d4       100%        8
 Lehudib's Crystal Spear  Conj/Erth      20%        10d6      100%        8
 Dragon's Call            Summ           20%        N/A       100%        9


Dungeon Overview and Level Annotations

Branches:
Dungeon (11/15)            Temple (1/1) D:4            Lair (2/5) D:10
    Orc (0/2) D:9
  Swamp: Lair:2-3    Shoals: Lair:2-3     Snake: Lair:2-3    Spider: Lair:2-3

Altars:
Ashenzari
Cheibriados
Dithmenos
Elyvilon
Fedhas
Gozag
Hepliaklqana
Kikubaaqudgha
Makhleb
Nemelex Xobeh
Okawaru
Qazlal
Ru
Sif Muna
Trog
Uskayaw
Vehumet
Wu Jian
Xom
Yredelemnul
Zin
The Shining One

Shops:
D:2 :   D:3 !

Annotations:
D:6 exclusion: 2 downstairs
D:8 exclusion: downstairs
D:9 3 runed translucent doors, exclusion: downstairs, Autsider's ghost, novice GrEE


Innate Abilities, Weirdness & Mutations

You are immune to sickness and miasma.
Your stone body is resilient. (AC +8)
You are immune to poison.
You resist negative energy. (rN+)
You are resistant to electric shocks. (rElec)
You are resistant to unholy torment.
You are immune to petrification.


Message History

The elephant barely misses you. The elephant closely misses you.
The elephant tramples you but does no damage.
The elephant trunk-slaps you but does no damage.
Casting: Sandblast (safe; 1% risk of failure)
Confirm with . or Enter, or press ? or * to list all spells.
Aiming: Sandblast (safe; 1% risk of failure)
Press: ? - help, Shift-Dir - straight line, f/p - elephant
Aim: an elephant (heavily wounded, 100% to hit)
The blast of sand hits the elephant!
The elephant is severely wounded.
The elephant tramples you!
* * * LOW HITPOINT WARNING * * *
You hold your ground!
The elephant trunk-slaps you.
* * * LOW HITPOINT WARNING * * *
Casting: Sandblast (safe; 1% risk of failure)
Confirm with . or Enter, or press ? or * to list all spells.
Aiming: Sandblast (safe; 1% risk of failure)
Press: ? - help, Shift-Dir - straight line, f/p - elephant
Aim: an elephant (severely wounded, 100% to hit)
The blast of sand hits the elephant!
The elephant is almost dead.
You block the elephant's attack. The elephant closely misses you.
The elephant misses you. x2; The elephant tramples you.
* * * LOW HITPOINT WARNING * * *
You hold your ground!
The elephant closely misses you. The elephant tramples you.
* * * LOW HITPOINT WARNING * * *
You hold your ground!
The elephant trunk-slaps you.
* * * LOW HITPOINT WARNING * * *
Casting: Sandblast (safe; 1% risk of failure)
Confirm with . or Enter, or press ? or * to list all spells.
Aiming: Sandblast (safe; 1% risk of failure)
Press: ? - help, Shift-Dir - straight line, f/p - elephant
Aim: an elephant (almost dead, 100% to hit)
The blast of sand hits the elephant.
The elephant is almost dead.
The elephant misses you. The elephant closely misses you.
The elephant tramples you.
You die...
Your body crumbles into a pile of gold.

#...#..#
###...##
##...#
#..###
#...P#
#...##
#Y...#
##YY..#
#@#...#
##Y...#
##....#
#....##
##....#
#
##...##
.#
#.....#
#.#
##...##
#.##
##...#


You could see 4 elephants.

Vanquished Creatures
  Josephine (D:10)
  The ghost of zyxw121 the Basher, a journeyman MiFi of the Shining One (D:6)
  Harold (D:10)
  A two-headed ogre (D:8)
  An elephant (Lair:2)
  Joseph (D:7)
  A black mamba (Lair:1)
  A cane toad (Lair:1)
  2 komodo dragons (D:10)
  2 polar bears
  2 trolls
  2 hornets
  A basilisk (Lair:2)
  2 wyverns (D:10)
  A warg (D:9)
  13 yaks
  Grum (D:8)
  2 wraiths
  3 vampire mosquitoes (D:10)
  An acid dragon (D:6)
  4 water moccasins
  3 black bears
  2 orc warriors
  2 sky beasts (D:6)
  9 wolves
  2 ogres
  4 centaurs
  2 phantoms
  10 bullfrogs
  A scorpion (D:4)
  13 wights (D:9)
  4 killer bees (D:8)
  A vampire bat (D:3)
  4 howler monkeys
  A centaur zombie (D:8)
  3 hounds
  A jelly (D:6)
  6 orc priests
  3 orc wizards
  A sleepcap (D:6)
  4 iguanas
  2 killer bee zombies (D:8)
  A mummy (D:8)
  2 gnolls (D:6)
  6 adders
  A shadow imp (D:7)
  A dart slug (D:2)
  3 fire bats (D:3)
  14 orcs
  2 spectral bats (D:3)
  7 ball pythons
  14 bats
  3 bat skeletons (D:3)
  A bat zombie (D:3)
  7 endoplasms
  3 giant cockroaches (D:1)
  6 goblins
  7 hobgoblins
  8 jackals
  9 kobolds
  A quokka (D:1)
  A bat simulacrum (D:3)
  A frilled lizard (D:1)
  4 rats
224 creatures vanquished.

Vanquished Creatures (collateral kills)
  A black mamba (Lair:2)
  A komodo dragon (D:10)
  A basilisk (Lair:1)
  2 yaks
  A wraith (D:10)
  A steam dragon (D:10)
  A sky beast (D:7)
  A wolf (Lair:2)
  A black bear (Lair:1)
  A kobold brigand (D:9)
  A bullfrog (Lair:2)
  A wight (D:9)
  A killer bee (D:8)
  A centaur zombie (D:8)
  A gnoll bouda (D:6)
  An orc priest (D:9)
  A gnoll (D:6)
  A shadow imp (D:7)
  4 orcs
  2 kobolds (D:9)
25 creatures vanquished.

Grand Total: 249 creatures vanquished

Notes
Turn   | Place    | Note
-------+----------+-------------------------------------------
     0 | D:1      | Autsider the Gargoyle Earth Elementalist began the quest
                  | for the Orb.
     0 | D:1      | Reached XP level 1. HP: 10/10 MP: 3/3
   228 | D:1      | Reached XP level 2. HP: 16/16 MP: 3/5
   479 | D:1      | Got the Discourse on Unified Geology
   542 | D:1      | Reached skill level 1 in Fighting
   607 | D:1      | Reached XP level 3. HP: 20/20 MP: 4/6
   611 | D:1      | Learned a level 3 spell: Stone Arrow
   906 | D:1      | Found a faded altar of an unknown god.
  1626 | D:2      | Reached XP level 4. HP: 25/25 MP: 5/7
  1655 | D:2      | Found Seinas's Book Emporium.
  2778 | D:3      | Reached XP level 5. HP: 30/30 MP: 1/8
  2795 | D:3      | Reached skill level 5 in Earth Magic
  2883 | D:3      | Reached skill level 2 in Fighting
  2912 | D:3      | Reached skill level 1 in Summonings
  3067 | D:3      | Found Vitinkusk's Distillery.
  3070 | D:3      | Bought a potion of curing for 36 gold pieces
  3627 | D:4      | Reached XP level 6. HP: 36/36 MP: 8/10
  3643 | D:4      | Learned a level 3 spell: Call Canine Familiar
  3759 | D:5      | Entered Level 5 of the Dungeon
  3820 | D:4      | Reached skill level 3 in Fighting
  3820 | D:4      | Reached XP level 7. HP: 32/41 MP: 4/11
  4260 | D:4      | Found a staircase to the Ecumenical Temple.
  4271 | Temple   | Entered the Ecumenical Temple
  4294 | Temple   | Became a worshipper of Gozag Ym Sagoz the Greedy
  5207 | D:5      | Reached XP level 8. HP: 48/48 MP: 10/13
  5349 | D:5      | Reached skill level 4 in Fighting
  5426 | D:5      | Noticed a troll
  5628 | D:5      | Killed a troll
  6059 | D:5      | Reached skill level 5 in Summonings
  6177 | D:6      | Learned a level 4 spell: Animate Armour
  6349 | D:6      | Reached XP level 9. HP: 52/52 MP: 7/15
  6488 | D:6      | Found a runed translucent door.
  6490 | D:6      | Noticed zyxw121's ghost (journeyman MiFi)
  6507 | D:6      | Reached skill level 1 in Armour
  6585 | D:6      | Reached skill level 1 in Evocations
  7139 | D:6      | Killed zyxw121's ghost
  7372 | D:6      | Reached skill level 5 in Fighting
  7761 | D:7      | Noticed a hornet
  7778 | D:7      | Identified the +1 spear "Nodouc" {vamp, ^Drain rElec rPois
                  | rN++}
  7887 | D:7      | Noticed Joseph
  8016 | D:7      | Killed Joseph
  8017 | D:7      | Reached XP level 10. HP: 26/60 MP: 10/16
  8648 | D:6      | Reached skill level 6 in Fighting
  8918 | D:8      | Noticed Grum
  8929 | D:8      | Reached skill level 1 in Alchemy
  8934 | D:8      | Killed Grum
  9240 | D:8      | Noticed a two-headed ogre
  9252 | D:8      | Killed a two-headed ogre
  9253 | D:8      | Reached skill level 5 in Armour
 10281 | D:9      | Reached skill level 5 in Dodging
 10533 | D:9      | Found a broken altar of Ashenzari.
 10536 | D:9      | Found a shadowy altar of Dithmenos.
 10586 | D:9      | Reached XP level 11. HP: 22/64 MP: 3/17
 11197 | D:9      | Found a runed translucent gate.
 11197 | D:9      | Found a runed translucent gate.
 11199 | D:9      | Found a runed translucent gate.
 11201 | D:9      | Noticed Autsider's ghost (novice GrEE)
 11205 | D:9      | Noticed a tengu warrior
 11524 | D:9      | Found a staircase to the Orcish Mines.
 11698 | D:10     | Entered Level 10 of the Dungeon
 11698 | D:10     | Noticed Josephine
 12009 | D:10     | Reached skill level 5 in Spellcasting
 12043 | D:10     | Reached skill level 7 in Fighting
 12397 | D:10     | Found a staircase to the Lair.
 12788 | D:10     | Reached skill level 8 in Fighting
 12989 | D:10     | Noticed Harold
 13006 | D:10     | Killed Harold
 13244 | D:10     | Killed Josephine
 13597 | D:10     | Learned a level 4 spell: Petrify
 13601 | D:10     | Learned a level 3 spell: Mephitic Cloud
 13826 | D:3      | Bought a potion of haste for 120 gold pieces
 13826 | D:3      | Bought 2 potions of curing for 72 gold pieces
 13826 | D:3      | Bought a potion of invisibility for 96 gold pieces
 13826 | D:3      | Bought a potion of haste for 120 gold pieces
 13826 | D:3      | Bought 2 potions of curing for 72 gold pieces
 14145 | Lair:1   | Entered Level 1 of the Lair of Beasts
 14257 | Lair:1   | Reached skill level 9 in Fighting
 14837 | Lair:1   | Reached XP level 12. HP: 76/76 MP: 17/23
 15394 | Lair:2   | Reached skill level 10 in Fighting
 15677 | Lair:2   | Reached skill level 1 in Necromancy
 15683 | Lair:2   | HP: 2/77 [elephant (2)]
 15684 | Lair:2   | Slain by an elephant

Illustrated notes

Levels and vault maps discovered:
D:1:      wander_arrival_desolate, layout_loops_corners,
          ebering_ecumenical_altar_webs
D:2:      layout_basic, serial_shops, nicolae_shop_window_shopping
D:3:      layout_basic, serial_shops, nicolae_shop_tiny_real_fake_doors,
          chequers_serial_rivers_small_3, goddamned_bats
D:4:      layout_basic, minmay_temple_entry_slanted
D:5:      layout_basic, hangedman_decor_lopped, minmay_stone_trees_small,
          minmay_tree_intersection, kennysheep_opposing_triangles
D:6:      layout_rooms, ebering_ghost_reflecting_pool, minivault_23,
          minmay_hedge_maze
D:7:      layout_rooms, nicolae_fountain_basement, uniq_joseph
D:8:      layout_gridville, minmay_mini_ossuary, uniq_grum
D:9:      layout_stronghold, jmf_multi_god_temple, minmay_orc_entry_guard_dogs,
          gammafunk_ghost_split
D:10:     layout_long_grid, erik_lair_dragon, uniq_josephine, uniq_harold
D:11:     layout_loops_corners, serial_shops, nicolae_shop_pleasant_corner_grove
Temple:   mainiacjoe_temple_big_plus
Lair:1:   layout_cellular_growth, beast_lair_carwin_6
Lair:2:   layout_concentric_octagons, grunt_megastairs_5,
          infiniplex_staircase_pool, uniq_maggie

Skill      XL: |  1  2  3  4  5  6  7  8  9 10 11 12 |
---------------+-------------------------------------+-----
Earth Magic    | 4 5 6 7 8 |  8.2
Fighting       | 1 2 3 4 5 6 9 10 | 10.0
Conjurations   | 2 3 4 |  4.3
Summonings     | 1 2 5 6 |  6.1
Spellcasting   | 3 4 7 8 |  8.0
Armour         | 4 6 |  6.0
Dodging        | 3 5 6 |  6.0
Evocations     | 3 4 |  4.0
Stealth        | 4 |  4.0
Alchemy        | 4 |  4.2
Necromancy     | 1 |  1.0

Action                     |  1- 3 |  4- 6 |  7- 9 | 10-12 || total
---------------------------+-------+-------+-------+-------++-------
  Melee: Club              |     5 |       |       |       ||     5
         Staff             |       |    21 |       |    11 ||    32
   Cast: Sandblast         |    56 |    60 |   100 |   241 ||   457
         Stone Arrow       |       |       |    11 |    19 ||    30
         Call Canine Famil |       |       |     9 |    28 ||    37
         Animate Armour    |       |       |     7 |    18 ||    25
    Use: Scroll            |       |     6 |     5 |     8 ||    19
         Potion            |       |       |     1 |     2 ||     3
 Armour: Robe              |    16 |    61 |    56 |   205 ||   338
  Dodge: Dodged            |    19 |    69 |    70 |   189 ||   347
  Block: Other             |       |       |       |    12 ||    12

Table legend: (Time is in decaauts)
 A = Elapsed time spent in this place.
 B = Non-inter-level travel time spent in this place.
 C = Inter-level travel time spent in this place.
 D = Time resting spent in this place.
 E = Time spent auto-exploring this place.
 F = Levels seen in this place.
 G = Mean time per level.
                   A        B        C        D        E       F      G
               +--------+--------+--------+--------+--------+-----+--------+
         Total |  15962 |  14398 |   1564 |   1416 |  10482 |  14 | 1140.1 |
       Dungeon |  14332 |  12871 |   1461 |   1336 |   9425 |  11 | 1302.9 |
        Temple |     46 |      4 |     42 |      0 |      0 |   1 |   46.0 |
          Lair |   1583 |   1522 |     61 |     80 |   1057 |   2 |  791.5 |
               +--------+--------+--------+--------+--------+-----+--------+

Top non-repeatable levels by time:
    D:10: 1957 daAuts
     D:9: 1874 daAuts
     D:6: 1838 daAuts
     D:5: 1542 daAuts
     D:1: 1403 daAuts
     D:3: 1336 daAuts
     D:8: 1222 daAuts
  Lair:1: 1166 daAuts
     D:4: 1146 daAuts
     D:7: 1063 daAuts
     D:2: 937 daAuts
  Lair:2: 416 daAuts
  Temple: 46 daAuts
    D:11: 7 daAuts
